AoeStats
← ReeZa

Arena

510493594Analyzed
4v4 RM · 2d ago on Oct 1, 2026· 43m 4s· 8 players
Game mode
Random Map
Map size
Large (8 player)
Population
200
Speed
Normal
Resources
Standard
Victory
Conquest
Starting age
Dark Age
Ending age
Imperial Age
RankedLock teamsTeams togetherTeam positionsShared explorationLock speedFull tech treeHidden civsTurbo modeCheats
Victory
Defeat
🇩🇪 Persians · Germany
1073
+15
🇨🇿 Italians · Czechia
1059
+16
🇵🇪 Inca · Peru
1047
+17
🇺🇸 Britons · United States
1008
+18
🇭🇰 Mongols · Hong Kong SAR China
1117
-19
🇦🇺 Tatars · Australia
1107
-19
🇨🇳 Britons · China
1007
-14
🇺🇸 Mapuche · United States
1005
-14
shabolobodingdong
9:13 Feudal Age
11:29 Loom
16:08 Castle Age
14:08 Double-Bit Axe
15:08 Horse Collar
17:15 Crossbowman
19:18 Bow Saw
19:02 Gold Mining
21:26 Fletching
23:55 Padded Archer Armor
24:51 Bodkin Arrow
25:17 Leather Archer Armor
27:10 Wheelbarrow
30:19 Imperial Age
27:45 Stone Mining
28:24 Ballistics
28:17 Heavy Plow
29:06 Gold Shaft Mining
29:51 Hand Cart
30:27 Treadmill Crane
30:33 Arbalester
31:25 Bracer
32:44 Ring Archer Armor
34:49 Two-Man Saw
34:58 Chemistry
35:43 Forging
35:34 Scale Mail Armor
34:57 Man-at-Arms
35:22 Gambesons
35:38 Squires
35:23 Arson
36:40 Conscription
36:42 Yeomen
36:18 Long Swordsman
37:56 Iron Casting
37:37 Chain Mail Armor
37:36 Two-Handed Swordsman
39:12 Champion
40:25 Plate Mail Armor
40:55 Blast Furnace
😎
9:29 Feudal Age
11:46 Horse Collar
15:25 Castle Age
15:23 Town Watch
23:36 Heavy Plow
29:09 Imperial Age
28:00 Wheelbarrow
27:40 Loom
28:32 Ballistics
28:09 Murder Holes
28:47 Town Patrol
29:24 Treadmill Crane
29:48 Double-Bit Axe
30:49 Squires
30:35 Arson
30:14 Capped Ram
31:29 Siege Ram
33:25 Pikeman
33:40 Elite Skirmisher
34:26 Thumb Ring
34:45 Fletching
34:55 Padded Archer Armor
35:19 Conscription
36:31 Champi Runner
38:30 Hand Cart
38:23 Andean Sling
38:25 Bodkin Arrow
38:45 Leather Archer Armor
41:36 Forging
41:28 Bracer
41:28 Scale Mail Armor
ReeZa
1:22 Loom
10:45 Feudal Age
15:30 Castle Age
13:17 Double-Bit Axe
13:15 Horse Collar
17:03 Bow Saw
18:39 Wheelbarrow
20:13 Heavy Plow
21:05 Stone Mining
21:36 Gold Mining
23:47 Stone Shaft Mining
24:41 Hand Cart
29:00 Imperial Age
27:23 Scale Barding Armor
27:09 Fletching
27:32 Light Cavalry
28:23 Bloodlines
28:13 Husbandry
28:29 Forging
28:56 Ballistics
28:59 Bodkin Arrow
29:31 Chain Barding Armor
30:15 Iron Casting
30:54 Chemistry
31:00 Plate Barding Armor
30:55 Conscription
30:36 Hussar
34:54 Blast Furnace
33:50 Bodkin Arrow
36:43 Elite Genoese Crossbowman
38:14 Bracer
38:15 Padded Archer Armor
40:37 Leather Archer Armor
41:50 Ring Archer Armor
Cainer Rallmund
6:44 Loom
10:29 Feudal Age
14:25 Castle Age
24:07 Town Watch
25:02 Wheelbarrow
24:10 Horse Collar
24:18 Double-Bit Axe
29:22 Imperial Age
27:11 Heavy Plow
27:15 Gold Mining
27:29 Stone Mining
28:27 Hand Cart
28:13 Town Patrol
31:05 Crop Rotation
31:22 Scale Barding Armor
31:28 Forging
31:20 Husbandry
31:31 Bloodlines
31:22 Elite War Elephant
32:56 Gold Shaft Mining
32:57 Stone Shaft Mining
32:36 Bow Saw
33:21 Chain Barding Armor
33:36 Iron Casting
35:21 Plate Barding Armor
36:26 Blast Furnace
Komfy Kaiju
11:20 Feudal Age
15:09 Castle Age
13:05 Double-Bit Axe
16:17 Horse Collar
17:03 Bow Saw
18:40 Heavy Plow
19:20 Loom
24:12 Gold Mining
25:15 Fletching
25:28 Padded Archer Armor
26:09 Bodkin Arrow
28:39 Wheelbarrow
27:49 Town Watch
32:02 Imperial Age
30:05 Malon
31:02 Gold Shaft Mining
31:28 Leather Archer Armor
31:25 Forging
31:15 Scale Mail Armor
32:37 Hand Cart
32:23 Town Patrol
32:04 Elite Bolas Rider
33:30 Conscription
33:47 Hoardings
33:44 Champi Runner
34:11 Arson
33:49 Pikeman
35:18 Ring Archer Armor
35:26 Iron Casting
35:06 Chain Mail Armor
35:32 Butalmapu
35:42 Butalmapu
37:24 Champi Warrior
39:30 Blast Furnace
39:00 Plate Mail Armor
40:31 Elite Champi Warrior
42:14 Halberdier
慈溪牛牛
10:01 Feudal Age
8:18 Loom
15:48 Castle Age
14:59 Double-Bit Axe
15:11 Stone Mining
17:39 Bow Saw
18:34 Wheelbarrow
24:16 Gold Mining
31:04 Imperial Age
28:51 Hand Cart
28:44 Fletching
28:54 Padded Archer Armor
32:19 Gold Shaft Mining
32:19 Stone Shaft Mining
31:46 Bodkin Arrow
32:06 Leather Archer Armor
32:35 Conscription
33:05 Thumb Ring
34:26 Elite Mangudai
35:39 Horse Collar
36:31 Ballistics
35:55 Elite Skirmisher
Keanoob Reeves
11:28 Feudal Age
15:02 Castle Age
13:12 Double-Bit Axe
13:12 Horse Collar
18:04 Bow Saw
21:03 Heavy Plow
24:57 Wheelbarrow
26:53 Hand Cart
27:03 Gold Mining
27:03 Stone Mining
31:28 Imperial Age
29:02 Scale Mail Armor
29:12 Forging
29:30 Loom
29:50 Fletching
30:01 Padded Archer Armor
30:25 Ballistics
30:50 Fortified Wall
32:11 Bodkin Arrow
32:32 Leather Archer Armor
32:27 Heavy Cavalry Archer
34:04 Bracer
34:34 Ring Archer Armor
33:49 Elite Skirmisher
35:05 Elite Steppe Lancer
38:16 Chemistry
38:11 Elite Keshik
40:18 Onager
一念风云
0:30 Loom
10:58 Feudal Age
17:11 Castle Age
15:13 Double-Bit Axe
15:11 Horse Collar
15:58 Stone Mining
16:06 Gold Mining
18:55 Wheelbarrow
18:05 Town Watch
18:54 Town Watch
29:24 Imperial Age
27:55 Bow Saw
28:24 Gold Shaft Mining
29:14 Hand Cart
29:04 Treadmill Crane
29:40 Heavy Plow
29:43 Town Patrol
29:43 Pikeman
30:51 Ballistics
30:28 Murder Holes
32:36 Fletching
32:47 Padded Archer Armor
33:12 Fortified Wall
32:33 Halberdier
33:18 Arson
33:40 Squires
33:46 Scale Mail Armor
33:57 Forging
33:44 Bodkin Arrow
35:20 Hoardings
34:58 Masonry
34:36 Arrowslits
Connection lost

Rejoining the realm…

Still unreachable

The connection could not be restored.

Session expired

The server has moved on; the page needs a fresh start.